AoeStats
← Driezell

Arabia

509158138Analyzed
1v1 RM · 6d ago on Sep 25, 2026· 31m 39s· 2 players
Game mode
Random Map
Map size
Tiny (2 player)
Population
200
Speed
Normal
Resources
Standard
Victory
Conquest
Starting age
Dark Age
Ending age
Imperial Age
RankedLock teamsTeams togetherTeam positionsShared explorationLock speedFull tech treeHidden civsTurbo modeCheats
Victory
Defeat
🇳🇱 Ethiopians · Netherlands
977
+16
🇨🇴 Bulgarians · Colombia
970
-16
Shaka
6:30 Loom
9:32 Feudal Age
11:01 Town Watch
12:22 Double-Bit Axe
14:12 Horse Collar
16:39 Gold Mining
18:09 Fletching
18:21 Padded Archer Armor
23:23 Castle Age
22:16 Scale Barding Armor
22:23 Forging
27:18 Elite Skirmisher
27:55 Bodkin Arrow
29:07 Leather Archer Armor
30:29 Bloodlines
31:15 Chain Barding Armor
30:59 Husbandry
Driezell
7:11 Loom
9:22 Feudal Age
11:46 Double-Bit Axe
15:56 Fletching
18:04 Padded Archer Armor
23:39 Castle Age
22:44 Horse Collar
23:56 Crossbowman
24:43 Thumb Ring
25:28 Bodkin Arrow
27:25 Wheelbarrow
27:26 Bow Saw
27:20 Heavy Plow
28:18 Leather Archer Armor
28:26 Gold Mining
30:05 Hand Cart
29:36 Town Watch
32:01 Ballistics
Connection lost

Rejoining the realm…

Still unreachable

The connection could not be restored.

Session expired

The server has moved on; the page needs a fresh start.